 Dungeon Crawl Stone Soup version 0.30-a0-365-ge7f957f1db (webtiles) character file.

Game seed: 18137329318790892016

3106 funkygono the Arsonist (level 9, 0/60 HPs)
             Began as a Demonspawn Fire Elementalist on Nov 16, 2022.
             Was an Initiate of Vehumet.
             Shot with an arrow by a centaur (11 damage)
             ... on level 7 of the Dungeon.
             The game lasted 00:11:52 (7072 turns).

funkygono the Arsonist (DsFE)                       Turns: 7072, Time: 00:11:53

Health: 0/60       AC:  5    Str: 10    XL:     9   Next: 60%
Magic:  11/30      EV: 12    Int: 26    God:    Vehumet [......]
Gold:   335        SH:  0    Dex: 13    Spells: 12/24 levels left

rFire   . . .      SeeInvis .    g - +4 whip (venom)
rCold   . . .      Faith    .    (no shield)
rNeg    . . .      Spirit   .    a - +0 robe
rPois   .          Reflect  .    n - +1 helmet
rElec   .          Harm     .    (no cloak)
rCorr   .          Rampage  .    (no gloves)
Will    .....                    (boots unavailable)
Stlth   ++........               (no amulet)
HPRegen 0.30/turn                d - ring of magical power
MPRegen 0.22/turn                h - +6 ring of intelligence

@: no status effects
A: hooves 3, rugged brown scales 1, ignite blood 2
a: Renounce Religion


You were on level 7 of the Dungeon.
You worshipped Vehumet.
Vehumet was noncommittal.
You visited 2 branches of the dungeon, and saw 8 of its levels.

You collected 335 gold pieces.

Inventory:

Hand Weapons
 g - a +4 whip of venom (weapon)
 k - a +0 whip
 p - a +2 flail of venom
Armour
 a - a +0 robe (worn)
 n - a +1 helmet (worn)
Jewellery
 d - a ring of magical power (left hand)
 h - a +6 ring of intelligence (right hand)
 i - a +6 ring of strength
 o - a ring of see invisible
 r - a ring of fire
Wands
 t - a wand of charming (12)
Scrolls
 s - 3 scrolls of teleportation
 u - a scroll of blinking
Potions
 b - a potion of magic
 c - a potion of berserk rage
 e - 3 potions of curing
 f - 3 potions of cancellation
 j - a potion of flight {unknown}
 l - a potion of ambrosia {unknown}
 m - a potion of degeneration {unknown}
 q - 3 potions of might
 x - 2 potions of mutation {unknown}


   Skills:
 + Level 1.5 Fighting
 + Level 1.2 Maces & Flails
 + Level 2.4 Dodging
 - Level 1.7 Stealth
 + Level 8.2 Spellcasting
 + Level 5.0 Conjurations
 + Level 8.2 Fire Magic


You had 12 spell levels left.
You knew the following spells:

 Your Spells              Type           Power      Damage    Failure   Level
a - Foxfire               Conj/Fire      100%       2x1d9     1%          1
b - Scorch                Fire           100%       2d10      1%          2
c - Kindle Blastsparks    Fire/Tloc/Air  48%        2d14      5%          3
d - Flame Wave            Conj/Fire      45%        2d12      3%          4
e - Searing Ray           Conj           72%        2d7       1%          2

Your spell library contained the following spells:

 Spells                   Type           Power      Damage    Failure   Level
 Magic Dart               Conj           100%       1d8       1%          1
 Inner Flame              Hex/Fire       32%        N/A       3%          3
 Summon Small Mammal      Summ           40%        N/A       5%          1
 Ensorcelled Hibernation  Hex/Ice        20%        N/A       9%          2
 Passwall                 Tmut/Erth      8%         N/A       9%          2
 Call Canine Familiar     Summ           10%        N/A       17%         3
 Summon Guardian Golem    Hex/Summ       10%        N/A       17%         3
 Swiftness                Air            10%        N/A       17%         3
 Fulminant Prism          Conj/Hex       11%        3d9       21%         4
 Iskenderun's Mystic Bla  Conj/Tloc      23%        2d6       21%         4
 Lee's Rapid Deconstruct  Erth           5%         3d6*      83%         5
 Orb of Destruction       Conj           18%        9d8       99%         7
 Spellforged Servitor     Conj/Summ      11%        N/A       100%        7


Dungeon Overview and Level Annotations

Branches:
Dungeon (7/15)             Temple (1/1) D:6

Altars:
Ashenzari
Cheibriados
Dithmenos
Fedhas
Gozag
Hepliaklqana
Kikubaaqudgha
Makhleb
Nemelex Xobeh
Okawaru
Qazlal
Ru
Trog
Uskayaw
Vehumet
Wu Jian
Xom
Yredelemnul

Shops:
D:1 *


Innate Abilities, Weirdness & Mutations

You have hooves in place of feet.
You are partially covered in rugged brown scales. (AC +1, +3% HP)
Your demonic aura often causes spilled blood to erupt in flames.


Message History

Casting: Scorch (safe; 1% risk of failure)
Confirm with . or Enter, or press ? or * to list all spells.
You conjure some foxfire!
The centaur shoots an arrow.
The arrow barely misses you.
The centaur shoots an arrow.
The arrow closely misses you.
An orc comes into view. It is wielding a +0 club.
Casting: Foxfire (safe; 1% risk of failure)
Confirm with . or Enter, or press ? or * to list all spells.
Flames lash the centaur.
The centaur is almost dead.
The centaur's fire resistance burns away.
You hear a shout!
The foxfire hits the centaur.
The centaur is burned terribly!
You kill the centaur!
Vehumet accepts your kill.
The foxfire hits the orc.
The orc is almost dead.
Casting: Scorch (safe; 1% risk of failure)
Confirm with . or Enter, or press ? or * to list all spells.
You conjure some foxfire!
A centaur comes into view.
Casting: Foxfire (safe; 1% risk of failure)
Confirm with . or Enter, or press ? or * to list all spells.
You conjure some foxfire!
The foxfire hits the orc.
You kill the orc!
Vehumet accepts your kill.
Unknown command.
The foxfire hits the centaur!
The centaur is moderately wounded.
The foxfire hits the centaur.
The centaur is heavily wounded.
The foxfire hits the centaur!
The centaur is almost dead.
The centaur wields a +0 shortbow.
The centaur shoots an arrow.
The arrow misses you.
The centaur shoots an arrow.
The arrow barely misses you.
The centaur shoots an arrow.
The arrow hits you!
* * * LOW HITPOINT WARNING * * *
The centaur shoots an arrow.
The arrow hits you!
You die...

# #. #.### ###...##
#..##..### ####.#
#.##.......##.....#.
#....@☼.....c..)....
####................
#.........)......
#...........))...
#..........)))...
...............)..
##.................
#.#...............


You could see a centaur.

Vanquished Creatures
  Prince Ribbit (D:6)
  The ghost of Notanamesir the Covert, an amateur KoBr (D:4)
  Menkaure (D:5)
  Edmund (D:5)
  A water moccasin (D:5)
  Duvessa (D:5)
  2 ice beasts
  An orc warrior (D:5)
  3 black bears
  A centaur (D:7)
  6 ogres
  A phantom (D:6)
  A bullfrog (D:7)
  A necrophage (D:5)
  A gnoll sergeant (D:6)
  Dowan (D:5)
  2 howler monkeys
  4 crimson imps (D:5)
  A hound (D:5)
  A gnoll bouda (D:5)
  5 orc priests
  An iguana (D:4)
  3 orc wizards
  2 scorpion simulacra (D:4)
  15 gnolls
  7 adders
  A hound simulacrum (D:4)
  A shadow imp (D:6)
  A white imp (D:6)
  A worm (D:3)
  2 dart slugs
  2 adder simulacra (D:4)
  15 orcs
  4 ball pythons
  5 bats
  5 endoplasms
  2 giant cockroaches
  4 goblins
  4 hobgoblins
  2 quokkas
  4 frilled lizards
  9 kobolds
  3 rats
  A spectral kobold (D:2)
131 creatures vanquished.

Vanquished Creatures (collateral kills)
  2 foxfires (D:5)
2 creatures vanquished.

Vanquished Creatures (others)
  450 foxfires
450 creatures vanquished.

Grand Total: 583 creatures vanquished

Notes
Turn   | Place    | Note
-------+----------+-------------------------------------------
     0 | D:1      | funkygono the Demonspawn Fire Elementalist began the quest
                  | for the Orb.
     0 | D:1      | Reached XP level 1. HP: 13/13 MP: 3/3
   281 | D:1      | Gained mutation: You are partially covered in rugged brown
                  | scales. (AC +1, +3% HP) [demonic ancestry]
   281 | D:1      | Reached XP level 2. HP: 13/19 MP: 0/5
   348 | D:1      | Found Duwyt's General Store.
   917 | D:2      | Reached XP level 3. HP: 24/24 MP: 2/6
  1244 | D:2      | Found a faded altar of an unknown god.
  1721 | D:3      | Learned a level 2 spell: Scorch
  2027 | D:3      | Gained mutation: Your demonic aura sometimes causes spilled
                  | blood to erupt in flames. [demonic ancestry]
  2027 | D:3      | Reached XP level 4. HP: 30/30 MP: 7/7
  2063 | D:3      | Noticed a black bear
  2077 | D:3      | Killed a black bear
  2078 | D:3      | Gained mutation: You have large cloven feet. [demonic
                  | ancestry]
  2078 | D:3      | Reached XP level 5. HP: 34/36 MP: 6/9
  2796 | D:3      | Learned a level 3 spell: Kindle Blastsparks
  2800 | D:3      | Learned a level 3 spell: Summon Guardian Golem
  3173 | D:4      | Reached XP level 6. HP: 42/42 MP: 11/11
  3343 | D:4      | Found a runed translucent gate.
  3343 | D:4      | Found a runed translucent gate.
  3343 | D:4      | Found a runed translucent gate.
  3462 | D:4      | Noticed Notanamesir's ghost (amateur KoBr)
  3462 | D:4      | Noticed an ice beast
  3501 | D:4      | Killed Notanamesir's ghost
  3595 | D:4      | Killed an ice beast
  3596 | D:4      | Reached skill level 5 in Fire Magic
  3596 | D:4      | Gained mutation: You have hoof-like feet. [demonic
                  | ancestry]
  3596 | D:4      | Reached XP level 7. HP: 38/47 MP: 13/13
  3716 | D:4      | Learned a level 4 spell: Flame Wave
  3719 | D:4      | Learned a level 2 spell: Searing Ray
  3735 | D:5      | Entered Level 5 of the Dungeon
  3783 | D:5      | Reached skill level 5 in Spellcasting
  3876 | D:5      | Found a stormy altar of Qazlal.
  4045 | D:5      | Found an ornate altar of the Wu Jian Council.
  4114 | D:5      | Noticed Menkaure
  4120 | D:5      | Gained mutation: You have hooves in place of feet. [demonic
                  | ancestry]
  4120 | D:5      | Reached XP level 8. HP: 53/53 MP: 16/16
  4121 | D:5      | Killed Menkaure
  4276 | D:5      | Found a hazy altar of Hepliaklqana.
  4289 | D:5      | Noticed Dowan
  4290 | D:5      | Noticed Duvessa
  4295 | D:5      | Killed Dowan
  4301 | D:5      | Killed Duvessa
  4480 | D:5      | Found a shimmering altar of Xom.
  5047 | D:6      | Found a staircase to the Ecumenical Temple.
  5052 | D:6      | Reached skill level 1 in Fighting
  5057 | D:6      | Noticed Edmund
  5060 | D:6      | Reached skill level 1 in Maces & Flails
  5092 | D:5      | Killed Edmund
  5101 | D:5      | HP: 2/55 [poisoned by Edmund]
  5465 | D:6      | Gained mutation: Your demonic aura often causes spilled
                  | blood to erupt in flames. [demonic ancestry]
  5465 | D:6      | Reached XP level 9. HP: 60/60 MP: 14/19
  5591 | Temple   | Entered the Ecumenical Temple
  5891 | Temple   | Became a worshipper of Vehumet
  6091 | D:6      | Noticed Prince Ribbit
  6096 | D:6      | Killed Prince Ribbit
  7054 | D:7      | Reached skill level 5 in Conjurations
  7072 | D:7      | Shot with an arrow by a centaur

Illustrated notes

Levels and vault maps discovered:
D:1:      dpeg_arrival_orchard, layout_rooms, serial_shops, shop
D:2:      layout_loops_ring, dreamdust_ecumenical_altar_drowned_temple,
          kennysheep_generic_room_3
D:3:      layout_loops_ring, nicolae_tso_swordbearing_angel
D:4:      layout_cave_pools, gammafunk_ghost_icy
D:5:      layout_basic, led_xom_imps, grunt_qazlal_clouds,
          pdpol_wu_jian_five_deadly_venoms, nicolae_hepliaklqana_hazy_memory,
          uniq_menkaure, uniq_duvessa
D:6:      layout_basic, minmay_temple_entry_tees, nicolae_figureground_pulse,
          uniq_edmund, uniq_prince_ribbit1
D:7:      layout_rooms
Temple:   minmay_temple_bridge_d

Skill      XL: |  1  2  3  4  5  6  7  8  9 |
---------------+----------------------------+-----
Fire Magic     | 3 4 5 7 8 |  8.2
Conjurations   | 2 3 4 5 |  5.0
Dodging        | 2 |  2.4
Spellcasting   | 3 4 5 6 8 |  8.2
Fighting       | 1 |  1.5
Maces & Flails | 1 |  1.2
Stealth        | |  1.7

Action                   |  1- 3 |  4- 6 |  7- 9 || total
-------------------------+-------+-------+-------++-------
Melee: Whip              |       |       |    30 ||    30
       Kick              |       |       |     7 ||     7
 Cast: Foxfire           |    66 |    63 |   129 ||   258
       Scorch            |     2 |    13 |    60 ||    75
  Use: Scroll            |     4 |     1 |     8 ||    13
       Potion            |       |       |     1 ||     1
Armor: Robe              |     7 |     3 |    11 ||    21
Dodge: Dodged            |    22 |     9 |    49 ||    80

Table legend: (Time is in decaauts)
 A = Elapsed time spent in this place.
 B = Non-inter-level travel time spent in this place.
 C = Inter-level travel time spent in this place.
 D = Time resting spent in this place.
 E = Time spent auto-exploring this place.
 F = Levels seen in this place.
 G = Mean time per level.
                   A        B        C        D        E       F      G
               +--------+--------+--------+--------+--------+-----+--------+
         Total |   7083 |   6754 |    329 |    173 |   5708 |   8 |  885.4 |
       Dungeon |   6710 |   6529 |    181 |    173 |   5494 |   7 |  958.6 |
        Temple |    372 |    224 |    148 |      0 |    214 |   1 |  372.0 |
               +--------+--------+--------+--------+--------+-----+--------+

Top non-repeatable levels by time:
     D:5: 1659 daAuts
     D:6: 1272 daAuts
     D:3: 1117 daAuts
     D:2: 914 daAuts
     D:4: 905 daAuts
     D:1: 805 daAuts
  Temple: 372 daAuts
     D:7: 36 daAuts
